 Dungeon Crawl Stone Soup version 0.29.1-12-g30fa7ad0bf (webtiles) character file.

Game seed: 1953305286844008959

224 ChadusMaximus the Trooper (level 5, -22/48 HPs)
             Began as a Minotaur Fighter on Dec 14, 2022.
             Annihilated by a two-headed ogre
             ... wielding a +0 giant club
              (31 damage)
             ... on level 4 of the Dungeon.
             The game lasted 00:01:57 (2736 turns).

ChadusMaximus the Trooper (Minotaur Fighter)        Turns: 2736, Time: 00:01:57

Health: -22/48     AC: 15    Str: 23    XL:     5   Next: 67%
Magic:  4/4        EV:  6    Int:  5    God:
Gold:   150        SH:  4    Dex:  9    Spells: 4/4 levels left

rFire   . . .      SeeInvis .   a - +0 war axe
rCold   . . .      Faith    .   c - +0 buckler
rNeg    . . .      Spirit   .   q - +0 plate armour
rPois   .          Reflect  .   (helmet restricted)
rElec   .          Harm     .   (no cloak)
rCorr   .          Rampage  .   e - +2 pair of gloves
Will    .....                   (no boots)
Stlth   ..........              i - amulet of regeneration
HPRegen 0.96/turn               (no ring)
MPRegen 0.09/turn               (no ring)

@: mighty
A: horns 2, retaliatory headbutt
a: no special abilities


You were on level 4 of the Dungeon.
You visited 1 branch of the dungeon, and saw 4 of its levels.

You collected 150 gold pieces.

Inventory:

Hand Weapons
 a - a +0 war axe (weapon)
Armour
 b - a +0 scale mail
 c - a +0 buckler (worn)
 e - a +2 pair of gloves (worn)
 k - a +0 chain mail
 q - a +0 plate armour (worn)
Jewellery
 i - an amulet of regeneration (around neck)
Scrolls
 h - a scroll of enchant armour {unknown}
 j - a scroll of teleportation {unknown}
 l - a scroll of vulnerability {unknown}
 t - a scroll of identify {unknown}
Potions
 f - 3 potions of heal wounds {unknown}
 g - a potion of mutation {unknown}
 m - a potion of ambrosia {unknown}
 n - a potion of degeneration {unknown}
 o - 2 potions of curing {unknown}
 p - a potion of haste {unknown}
 r - a potion of flight {unknown}
 s - 2 potions of brilliance {unknown}
 u - a potion of berserk rage {unknown}


   Skills:
 + Level 5.0 Fighting
 + Level 4.1 Axes
 + Level 4.9 Armour
 + Level 4.9 Shields


You had 4 spell levels left.
You didn't know any spells.
Your spell library was empty.

Dungeon Overview and Level Annotations

Branches:
Dungeon (4/15)
 Temple: D:4-7

Altars:


Innate Abilities, Weirdness & Mutations

You have a pair of horns on your head.
You reflexively headbutt those who attack you in melee.


Message History

The adder is heavily wounded.
You feel sick. The adder bites you but does no damage.
An adder is nearby!
You barely miss the adder. You headbutt the adder.
You kill the adder!
You feel sick.
You feel sick.
You are no longer poisoned.
A two-headed ogre comes into view.
It is wielding a +0 giant club and a +0 giant spiked club.
The two-headed ogre shouts in stereo!
A two-headed ogre is nearby!
A kobold comes into view. It is wielding a +0 short sword.
The kobold shouts!
There are monsters nearby!
The two-headed ogre hits you with a +0 giant club.
You block the two-headed ogre's attack.
Unknown command.
Sorry, you're not good enough to have a special ability.
You feel very mighty all of a sudden.
The kobold throws a stone.
The stone hits you but does no damage.
The two-headed ogre hits you with a +0 giant club!
The two-headed ogre hits you with a +0 giant spiked club!
You barely miss the two-headed ogre.
The kobold throws a stone.
The stone hits you but does no damage. The two-headed ogre barely misses you.
You block the two-headed ogre's attack.
You slash the two-headed ogre!
The two-headed ogre is moderately wounded.
The kobold throws a stone.
The stone hits you.
The two-headed ogre hits you with a +0 giant club!
* * * LOW HITPOINT WARNING * * *
The two-headed ogre closely misses you.
You barely miss the two-headed ogre.
The two-headed ogre is moderately wounded.
The kobold throws a stone.
The stone barely misses you.
You hit the two-headed ogre but do no damage.
You headbutt the two-headed ogre!
The two-headed ogre is heavily wounded.
The two-headed ogre hits you with a +0 giant club!!
Ouch! That really hurt!
You die...

####### ......#
#####.# #.# ###
#.##########.#######
##
#...........@O.....#
.#
#########.##.#####.#
.# #.##.# ># #.##.#
.# #.##K# .# #.##.#
.# #.##.# .# #.##.#
.#


You could see a two-headed ogre and a kobold.

Vanquished Creatures
  A gnoll bouda (D:4)
  Robin (D:3)
  4 gnolls (D:4)
  4 adders
  An ufetubus (D:4)
  2 worms
  4 dart slugs
  4 orcs (D:3)
  4 bats
  6 endoplasms
  12 goblins
  15 hobgoblins
  4 jackals (D:1)
  2 quokkas (D:2)
  8 ball pythons
  6 frilled lizards
  4 kobolds
  3 rats
85 creatures vanquished.

Notes
Turn   | Place    | Note
-------+----------+-------------------------------------------
     0 | D:1      | ChadusMaximus the Minotaur Fighter began the quest for the
                  | Orb.
     0 | D:1      | Reached XP level 1. HP: 19/19 MP: 0/0
   301 | D:1      | Reached XP level 2. HP: 27/27 MP: 1/1
   578 | D:1      | Reached skill level 4 in Fighting
   778 | D:1      | Reached XP level 3. HP: 33/33 MP: 2/2
  1969 | D:3      | Reached XP level 4. HP: 41/41 MP: 3/3
  2373 | D:3      | Noticed Robin
  2386 | D:3      | Killed Robin
  2575 | D:4      | Reached XP level 5. HP: 46/47 MP: 4/4
  2598 | D:4      | Reached skill level 5 in Fighting
  2728 | D:4      | Noticed a two-headed ogre
  2736 | D:4      | Annihilated by a two-headed ogre

Illustrated notes

Levels and vault maps discovered:
D:1:      lemuel_arrival_broad_hall, layout_loops_corners, kennysheep_boxes
D:2:      minmay_recursive_quarters, layout_loops_corners, minmay_liquid_box,
          corexii_hall_statues_x
D:3:      layout_basic, st_stairs_11, eino_tiny_chamber, uniq_robin
D:4:      layout_loops_ring, uniq_pikel

Skill      XL: |  1  2  3  4  5 |
---------------+----------------+-----
Fighting       | 4 5 |  5.0
Armour         | 4 |  4.9
Shields        | 4 |  4.9
Axes           | 3 4 |  4.1

Action                   |  1- 3 |  4- 6 || total
-------------------------+-------+-------++-------
Melee: War axe           |   105 |    97 ||   202
       Headbutt          |    14 |    13 ||    27
  Use: Potion            |       |     1 ||     1
Armor: Scale mail        |    35 |       ||    35
       Chain mail        |    36 |    10 ||    46
       Plate armour      |       |    81 ||    81
Dodge: Dodged            |    57 |    30 ||    87
Block: Buckler           |    27 |    30 ||    57
